[Event "Team men PL final 2016"]
[Site "Sochi"]
[Date "2016.05.02"]
[Round "2.8"]
[White "Dominguez Perez, Leinier"]
[Black "Lysyj, Igor"]
[Result "1-0"]
[ECO "E06"]
[WhiteElo "2732"]
[BlackElo "2668"]
[PlyCount "183"]
[EventDate "2016.??.??"]
[WhiteTeam "BronzeHorseman"]
[BlackTeam "Zhiguli"]
[TimeControl "6000+880"]
[WhiteClock "0:01:53"]
[BlackClock "0:02:16"]

1. d4 Nf6 2. c4 e6 3. g3 d5 4. Nf3 Be7 5. Bg2 O-O 6. Nc3 dxc4 7. Ne5 Nc6 8.
Bxc6 bxc6 9. Nxc6 Qe8 10. Nxe7+ Qxe7 11. Qa4 c5 12. dxc5 Qxc5 13. Be3 Qc7 14.
O-O Nd5 15. Bd4 Bb7 16. Rac1 e5 17. Nxd5 Bxd5 18. Bc3 f6 19. Rfd1 Qc6 20. Qxc6
Bxc6 21. Rd6 Ba4 22. Ba5 Rfc8 23. f3 Rab8 24. Bc3 Rb6 25. Rd5 Rb5 26. Rxb5 Bxb5
27. Rd1 Kf7 28. Rd5 a6 29. Rd6 Re8 30. e4 Re6 31. Rd5 Re7 32. Kf2 Rd7 33. Rc5
g5 34. f4 gxf4 35. gxf4 exf4 36. Rf5 Rd6 37. Kf3 Kg6 38. Kxf4 Re6 39. h4 h5 40.
Rc5 Rc6 41. Rf5 Ba4 42. Ra5 Bd1 43. Rd5 Bg4 44. Ke3 Kf7 45. Kd4 Ke6 46. Ra5 Kd7
47. Ke3 Ke6 48. Kf4 Kf7 49. Rd5 Ke7 50. Bb4+ Ke8 51. Bc3 Ke7 52. a4 Be2 53.
Bb4+ Ke8 54. Bc3 Ke7 55. Ke3 Bg4 56. Bb4+ Ke8 57. Bc5 Re6 58. Bd4 Rc6 59. Kf4
Ke7 60. a5 Ke8 61. Bc5 Kf7 62. Bb4 Ke8 63. Bc3 Ke7 64. Ke3 Ke8 65. Kd4 Bf3 66.
Rf5 Bg4 67. Rf4 {[#]} Bc8 (67... Kd7) 68. Kd5 Bb7 69. Rf5 Rb6+ (69... Kf7 70.
e5 Kg6 71. Rf1 Kf7) 70. Kxc4 Re6 71. Rxh5 Bxe4 72. Bxf6 Kf7 73. Bd4 Rc6+ 74.
Bc5 Rf6 75. Rh8 Kg7 76. Rd8 Kg6 77. Rd4 Bf3 78. Bd6 Rf5 79. b4 Be2+ 80. Kc3 Bb5
81. Bf4 Kh5 82. Bg5 Rf3+ 83. Kd2 Rf7 84. Ke3 Rc7 85. Rd5 Kg4 86. Rc5 Rd7 87.
Rxb5 axb5 88. Ke4 Rd1 89. Be3 Kxh4 90. a6 Ra1 91. a7 Kg4 92. Kd5 1-0

[Event "Team men PL final 2016"]
[Site "Sochi"]
[Date "2016.05.02"]
[Round "2.12"]
[White "Fedoseev, Vladimir"]
[Black "Geller, Jakov"]
[Result "1-0"]
[ECO "D30"]
[WhiteElo "2685"]
[BlackElo "2487"]
[PlyCount "85"]
[EventDate "2016.??.??"]
[WhiteTeam "BronzeHorseman"]
[BlackTeam "Zhiguli"]
[TimeControl "6000+1390"]
[WhiteClock "0:23:48"]
[BlackClock "0:07:39"]

1. d4 d5 2. c4 e6 3. Nf3 Nf6 4. Bg5 Nbd7 5. e3 h6 6. Bh4 Be7 7. Qc2 c5 8. Nc3
O-O 9. Be2 dxc4 10. Bxc4 a6 11. dxc5 Nxc5 12. Rd1 (12. O-O b5 13. Be2 Bb7)
12... Qa5 {[#]} 13. Rd4 (13. O-O b5 14. Be2 Bb7) (13. Rb1 Nce4 14. O-O Nxc3 15.
bxc3 b5 16. Bd3 Bb7 17. c4 Rac8) 13... b5 14. b4 Qxb4 15. Bxb5 Qa5 16. Bc6 Bb7
17. Ne5 (17. Bxb7 Nxb7 18. Ra4 Qc7 19. O-O Rfc8 20. Qb1) 17... Rac8 18. Nc4 Qc7
19. Bxb7 Nxb7 20. Bg3 Qc6 21. O-O Rfd8 22. Rfd1 {[#]} Rxd4 (22... Nd5 23. Ne4
Nb6 24. Rxd8+ Bxd8 25. Ned2 Na5) 23. Rxd4 Nd5 (23... Nh5 24. Be5 f6 25. Bg3 e5
26. Rg4 Nf4 27. exf4 Qxc4) 24. e4 Nb6 25. Nxb6 Qxb6 26. Rd3 Qb4 27. h3 {[#]}
Nc5 (27... Rc4 28. Qb3 Nc5 29. Qxb4 Rxb4 30. Re3 Bf6 31. f3 Bd4) 28. Rf3 Bf6
29. e5 Bg5 30. h4 Be7 31. Rf4 Qb7 32. Rc4 Rd8 33. Kh2 Nd3 34. f3 Qd7 35. Ne4
Nb4 36. Qb3 Nd5 37. a4 Rc8 38. Nd6 Rxc4 39. Qxc4 a5 40. Qb3 f5 41. h5 {[#]} Qc6
$2 (41... Kh7) 42. Qb8+ Kh7 $4 (42... Bf8 43. Qa7 Qc7 44. Qxc7 Nxc7 45. Be1 Na6
46. Bxa5 Nc5 47. Bb6 Nxa4 48. Bd4 Be7) 43. Nf7 1-0

[Event "Team men PL final 2016"]
[Site "Sochi"]
[Date "2016.05.03"]
[Round "3.1"]
[White "Kramnik, Vladimir"]
[Black "Sjugirov, Sanan"]
[Result "1-0"]
[ECO "A04"]
[WhiteElo "2801"]
[BlackElo "2674"]
[PlyCount "67"]
[EventDate "2016.??.??"]
[WhiteTeam "Siberia"]
[BlackTeam "Zhiguli"]
[TimeControl "6000+1020"]
[WhiteClock "0:24:15"]
[BlackClock "0:00:34"]

1. Nf3 c5 2. e3 {[#]} Nf6 3. d4 g6 (3... e6) (3... d5) 4. d5 Bg7 5. Nc3 O-O 6.
Bc4 d6 7. O-O Re8 8. e4 e6 (8... Bg4 9. h3 Bxf3 10. Qxf3 Nbd7) 9. Re1 exd5 10.
Nxd5 Nc6 11. Bg5 Be6 12. c3 Bxd5 13. Bxd5 Qc7 14. Bxf6 Bxf6 15. Nd2 Rad8 16.
Qb3 {[#]} a6 17. a4 Rb8 18. Nc4 Ne5 19. a5 Nxc4 20. Qxc4 b5 21. axb6 Rxb6 22.
Re2 Reb8 23. Ra2 Rb5 24. g3 Kg7 {[#]} 25. Rxa6 Rxb2 26. Rxb2 Rxb2 27. Qa4 Qd8
28. Ra7 Be7 29. Rd7 Qe8 30. Qa7 Kf8 31. Kg2 h6 32. Bc6 {[#]} Bg5 (32... g5 33.
Qc7 f6) 33. Rc7 Qe6 34. Bd5 1-0

[Event "Team men PL final 2016"]
[Site "Sochi"]
[Date "2016.05.03"]
[Round "3.5"]
[White "Rublevsky, Sergei"]
[Black "Frolyanov, Dmitry"]
[Result "1-0"]
[ECO "B31"]
[WhiteElo "2692"]
[BlackElo "2550"]
[PlyCount "59"]
[EventDate "2016.??.??"]
[WhiteTeam "Siberia"]
[BlackTeam "Zhiguli"]
[TimeControl "6000+880"]
[WhiteClock "0:15:27"]
[BlackClock "0:21:16"]

1. e4 c5 2. Nf3 Nc6 3. Bb5 g6 4. Bxc6 bxc6 5. O-O Bg7 6. Re1 Nf6 7. e5 Nd5 8.
c4 Nc7 9. d4 O-O 10. dxc5 Ne6 11. Nc3 Nxc5 12. Be3 Ne6 13. c5 Qc7 14. Qd2 Re8
15. Rad1 Bxe5 16. Nxe5 Qxe5 17. f4 Qf5 18. h3 h5 19. Ne2 Nxc5 20. Ng3 Ne4 21.
Nxe4 Qxe4 {[#]} 22. Bd4 Qd5 23. Re5 Qd6 24. f5 gxf5 25. Rxf5 e5 26. Rg5+ Kf8
27. Rxh5 Ba6 {[#]} (27... Qxd4+ 28. Qxd4 exd4 29. Rh8+ Ke7 30. Re1+) 28. Rh8+
Ke7 (28... Kg7 29. Bxe5+ Rxe5 30. Qxd6) 29. Qg5+ f6 30. Qg7+ 1-0

[Event "Team men PL final 2016"]
[Site "Sochi"]
[Date "2016.05.07"]
[Round "7.7"]
[White "Svidler, Peter"]
[Black "Sjugirov, Sanan"]
[Result "1-0"]
[ECO "A29"]
[WhiteElo "2762"]
[BlackElo "2674"]
[PlyCount "120"]
[EventDate "2016.??.??"]
[WhiteTeam "BronzeHorseman"]
[BlackTeam "Zhiguli"]
[TimeControl "6000+1565"]
[WhiteClock "0:22:12"]
[BlackClock "0:01:01"]

1. c4 Nf6 2. Nc3 e5 3. Nf3 Nc6 4. g3 Nd4 5. Bg2 Nxf3+ 6. Bxf3 Bb4 7. Qb3 Bc5 8.
O-O O-O 9. Na4 Be7 10. d4 exd4 11. Rd1 c5 12. e3 dxe3 13. Bxe3 Qc7 14. Bf4 d6
15. Nc3 a6 16. Rd2 Rb8 17. Rad1 Be6 18. Rxd6 Bxd6 19. Bxd6 Qa5 20. Bxb8 Rxb8
21. Nd5 Bxd5 22. cxd5 b5 23. d6 Qb6 24. Qe3 Re8 25. Qf4 Rd8 26. g4 Qb8 27. Bc6
h6 28. h4 Qc8 29. g5 Qxc6 30. gxf6 Qd7 31. fxg7 Qe6 32. h5 c4 33. f3 b4 34. Kf2
c3 35. Re1 Qd5 36. Re5 Qd2+ 37. Qxd2 cxd2 38. Rd5 Kxg7 39. Ke3 Kf6 40. Kf4 Ke6
41. Rxd2 Kd7 (41... Rxd6 42. Rxd6+ Kxd6 43. Kf5 Ke7 44. Ke5 f6+ 45. Kf5 Kf7 46.
a4) 42. Ke5 Rc8 43. f4 Rc5+ 44. Rd5 f6+ 45. Ke4 Rc2 46. Kf5 Rxb2 47. Ra5 Kxd6
48. Kxf6 b3 49. axb3 Rxb3 50. Rxa6+ Kd7 51. f5 Rg3 52. Kf7 Rg5 53. f6 Rxh5 54.
Ra7+ Kd6 55. Kg6 Rg5+ 56. Kxh6 Rg1 57. f7 Rf1 58. Kg7 Rg1+ 59. Kf8 Rb1 60. Ra6+
Kd5 1-0

[Event "Team men PL final 2016"]
[Site "Sochi"]
[Date "2016.05.08"]
[Round "8.1"]
[White "Sjugirov, Sanan"]
[Black "Kramnik, Vladimir"]
[Result "0-1"]
[ECO "C65"]
[WhiteElo "2674"]
[BlackElo "2801"]
[PlyCount "118"]
[EventDate "2016.??.??"]
[WhiteTeam "Zhiguli"]
[BlackTeam "Siberia"]
[TimeControl "6000+965"]
[WhiteClock "0:01:17"]
[BlackClock "0:03:58"]

1. e4 e5 2. Nf3 Nc6 3. Bb5 Nf6 4. d3 d6 5. O-O Bd7 6. Re1 g6 7. d4 Bg7 8. d5
Ne7 9. c4 O-O 10. Nc3 Bg4 11. h3 Bxf3 12. Qxf3 Kh8 13. Ba4 Nfg8 14. Bc2 f5 15.
exf5 gxf5 16. g4 fxg4 17. Qxg4 Qe8 18. Be3 Bh6 19. Kh1 Nf6 20. Qh4 Bxe3 21.
fxe3 Qh5 22. Qxh5 Nxh5 23. Ne4 Nf5 24. Kh2 a6 25. Rac1 b6 26. a3 h6 27. Bd3 a5
28. Rc2 Nh4 29. Be2 Rf3 30. Rf1 Rxf1 31. Bxf1 Rf8 32. Rf2 Rxf2+ 33. Nxf2 Nf3+
34. Kg2 Ne1+ 35. Kh2 Kg7 36. Be2 Nf6 37. Bd1 e4 38. Kg3 Kg6 39. b4 Kf5 40. bxa5
bxa5 41. Ba4 Nd3 42. Nd1 Nc5 43. Bb5 Nfd7 44. Kh4 Kg6 45. Bxd7 Nxd7 46. Nc3 {
[#]} Ne5 (46... Kf5 47. Kh5 (47. Nb5 Nb6 48. Nd4+ Kf6) 47... Ne5 48. Nb5 Nxc4
49. Nxc7 Nxe3) 47. c5 Kf5 48. cxd6 (48. c6 Nc4 49. Nb5 Nxe3 50. Nxc7 Ke5 51.
Kg3 Nf5+ 52. Kf2 Ne7) 48... cxd6 {[#]} 49. Kh5 (49. a4 Nc4 50. Nd1 Nb6 51. Nc3
Ke5 52. Kh5 Nxd5 53. Nd1 (53. Nxd5 Kxd5 54. Kxh6 Kc4 55. Kg5 d5 56. h4 d4 57.
h5 dxe3 58. h6 e2 59. h7 e1=Q 60. h8=Q Qg3+ 61. Kf5 Qf3+ 62. Ke6 e3) 53... Nb6
54. Kxh6 Nxa4 55. Kg5 Nc5 56. h4 a4 57. h5 a3 58. Nc3 Nd7 59. h6 Nf8) 49... Nc4
50. Kxh6 Nxa3 (50... Nxe3 51. h4) 51. Kg7 Nc4 52. h4 Nxe3 53. h5 Ng4 {[#]} 54.
Nb5 (54. h6 Nxh6 55. Kxh6 e3) 54... Ke5 55. Kg6 e3 56. Nc3 a4 57. Kg5 Nf6 58.
h6 a3 59. Kg6 e2 0-1

[Event "Team men PL final 2016"]
[Site "Sochi"]
[Date "2016.05.08"]
[Round "8.9"]
[White "Najer, Evgeniy"]
[Black "Timofeev, Artyom"]
[Result "1-0"]
[ECO "C10"]
[WhiteElo "2681"]
[BlackElo "2598"]
[PlyCount "63"]
[EventDate "2016.??.??"]
[WhiteTeam "Legacy"]
[BlackTeam "Ladya"]
[TimeControl "6000+1595"]
[WhiteClock "0:09:36"]
[BlackClock "0:17:46"]

1. e4 e6 2. d4 d5 3. Nc3 dxe4 4. Nxe4 Nd7 5. Nf3 Ngf6 6. Bd3 c5 7. O-O Nxe4 8.
Bxe4 Nf6 9. Bg5 Be7 10. Bxf6 gxf6 11. Qe2 f5 12. Bd3 cxd4 13. Rad1 O-O 14. c3
Bf6 15. Nxd4 Qb6 16. Bc4 Kh8 17. Rd3 Qc7 18. Rh3 Rg8 19. Rd1 Bd7 {[#]} 20. Nxf5
exf5 (20... Rg5 21. Nd6 Ba4 22. b3 Bc6 23. Ne4) 21. Rxh7+ Kxh7 22. Qh5+ Kg7 23.
Qxf7+ Kh6 24. Qxf6+ Rg6 25. Qh4+ Kg7 26. Qe7+ Kh6 {[#]} 27. Rxd7 (27. Rd4 Rxg2+
28. Kf1 (28. Kxg2 Bc6+) 28... Rxf2+ 29. Kxf2 Qxh2+ 30. Kf1) 27... Qxc4 28. Qh7+
Kg5 29. Rd4 Qxd4 30. cxd4 Re8 31. g3 Kf6 32. Qxb7 1-0